 Dungeon Crawl Stone Soup version 0.24-a0-497-g5a03d68f59 (webtiles) character file.

Game seed: 16203634192382853894

302 KristoblXynda the Slasher (level 6, -5/48 HPs)
             Began as a Draconian Skald on July 13, 2019.
             Killed from afar by an orc wizard (8 damage)
             ... with a magic dart
             ... on level 4 of the Dungeon.
             The game lasted 00:04:17 (3042 turns).

KristoblXynda the Slasher (Draconian Skald)         Turns: 3042, Time: 00:04:18

Health: -5/48      AC:  6    Str: 13    XL:     6   Next: 14%
Magic:  4/9        EV: 14    Int: 16    God:
Gold:   130        SH:  0    Dex: 10    Spells: 5/9 levels left

rFire    . . .     SeeInvis .   a - +0 falchion
rCold    . . .     Gourm    .   (no shield)
rNeg     . . .     Faith    .   (armour unavailable)
rPois    .         Spirit   .   (helmet restricted)
rElec    .         Reflect  .   (no cloak)
rCorr    .         Harm     .   (no gloves)
MR       .....                  (no boots)
Stlth    +.........             (no amulet)
HPRegen  0.16/turn              g - +1 ring of evasion
MPRegen  0.11/turn              (no ring)

@: infused (expiring)
A: unfitting armour, cold-blooded, AC +6
a: no special abilities


You were on level 4 of the Dungeon.
You were hungry.

You visited 1 branch of the dungeon, and saw 4 of its levels.

You collected 130 gold pieces.

Inventory:

Hand Weapons
 a - a +0 falchion (weapon)
Jewellery
 g - a +1 ring of evasion (left hand)
Wands
 o - a wand of scattershot (4)
Scrolls
 b - a scroll of enchant weapon {unknown}
 d - 3 scrolls of remove curse {unknown}
 e - a scroll of random uselessness {unknown}
 f - 2 scrolls of teleportation {unknown}
 h - 3 scrolls of amnesia {unknown}
 m - 2 scrolls of immolation {unknown}
 p - a scroll of magic mapping {unknown}
 q - a scroll of fog {unknown}
 r - a scroll of identify
Potions
 i - a potion of agility
 j - a potion of haste
 n - a potion of resistance
 s - a potion of might {unknown}
Comestibles
 c - 5 rations


   Skills:
 - Level 2.1 Fighting
 * Level 4.9 Long Blades
 + Level 3.4 Dodging
 - Level 2.0 Spellcasting
 + Level 3.8 Charms


You had 5 spell levels left.
You knew the following spells:

 Your Spells              Type           Power        Failure   Level  Hunger
a - Infusion              Chrm           ##..         4%          1    #......
b - Regeneration          Chrm/Necr      #.........   28%         3    ###....

Your spell library contained the following spells:

 Spells                   Type           Power        Failure   Level  Hunger
 Song of Slaying          Chrm           ##......     6%          2    ###....
 Shroud of Golubria       Chrm/Tloc      #.....       14%         2    ###....
 Spectral Weapon          Hex/Chrm       #.......     28%         3    ###....


Dungeon Overview and Level Annotations

Branches:
Dungeon (4/15)
 Temple: D:4-7

Altars:
Fedhas
Xom


Innate Abilities, Weirdness & Mutations

Your plain brown scales are hard. (AC +6)
You cannot fit into any form of body armour.
You are cold-blooded and may be slowed by cold attacks.


Message History

a +0 dagger; a +0 robe; an orc corpse The orc wizard hits you with a +0 dagger.
* * * LOW HITPOINT WARNING * * *
There is an open door here.
You feel better.
The orc wizard points at you and mumbles some strange words.
The puff of flame hits you!
* * * LOW HITPOINT WARNING * * *
You feel better.
The orc wizard hits you with a +0 dagger.
* * * LOW HITPOINT WARNING * * *
You hit the orc wizard!
The orc wizard is heavily wounded.
You are feeling hungry.
The orc wizard casts a spell at you. The puff of flame hits you!
* * * LOW HITPOINT WARNING * * *
The orc wizard gestures at you while chanting.
The magic dart hits you!
You die...

#.#.......###
#.#.#...#....
#.###########
#............
#############
################# #
#.......)..##....
#.####..........##....
#...)@o.......(.##....
######..........##....
#..........##....
#######................
#........).......##....
#........##########....
#........# #....
#........# #....
#........# #####


You could see an orc wizard.

Vanquished Creatures
  A bullfrog (D:3)
  2 orc wizards (D:4)
  A hound (D:3)
  6 adders
  A worm (D:3)
  2 dart slugs
  9 orcs (D:3)
  3 giant cockroaches
  13 hobgoblins
  3 jackals (D:1)
  12 kobolds
  3 quokkas
  A ball python (D:3)
  5 bats
  4 frilled lizards
  8 goblins
  9 rats
83 creatures vanquished.

Notes
Turn   | Place    | Note
-------+----------+-------------------------------------------
     0 | D:1      | KristoblXynda the Draconian Skald began the quest for the
                  | Orb.
     0 | D:1      | Reached XP level 1. HP: 17/17 MP: 3/3
   493 | D:1      | Reached XP level 2. HP: 4/24 MP: 0/5
   945 | D:1      | Reached XP level 3. HP: 23/29 MP: 6/6
   953 | D:1      | You fall into a shaft and drop 1 floor!
   962 | D:2      | Reached skill level 3 in Long Blades
  1060 | D:2      | You fall into a shaft and drop 1 floor!
  1252 | D:2      | Reached XP level 4. HP: 36/36 MP: 7/7
  1377 | D:2      | Learned a level 3 spell: Regeneration
  2117 | D:3      | Found a blossoming altar of Fedhas.
  2126 | D:3      | Reached skill level 4 in Long Blades
  2160 | D:3      | Found a shimmering altar of Xom.
  2161 | D:3      | Found a shimmering altar of Xom.
  2161 | D:3      | Found a shimmering altar of Xom.
  2171 | D:3      | Found a shimmering altar of Xom.
  2171 | D:3      | Found a shimmering altar of Xom.
  2172 | D:3      | Found a shimmering altar of Xom.
  2177 | D:3      | Reached XP level 5. HP: 38/41 MP: 8/8
  3022 | D:4      | Reached XP level 6. HP: 44/48 MP: 5/9
  3042 | D:4      | Killed from afar by an orc wizard

Levels and vault maps discovered:
D:1:      dpeg_arrival_short_road, layout_loops_cross
D:2:      layout_rooms
D:3:      layout_loops_ring, fedhas_altar_3, xom_redecorated
D:4:      layout_basic

Skill      XL: |  1  2  3  4 |
---------------+-------------+-----
Charms         | 3 |  3.8
Long Blades    | 3 4 |  4.9
Dodging        | 3 |  3.4
Fighting       | |  2.1
Spellcasting   | |  2.0

Action                   |  1- 3 |  4- 6 || total
-------------------------+-------+-------++-------
Melee: Falchion          |   105 |   160 ||   265
       Tailslap          |    12 |    19 ||    31
 Cast: Infusion          |     4 |     4 ||     8
  Use: Potion            |     1 |     2 ||     3
       Scroll            |       |     4 ||     4
 Stab: Sleeping          |       |     1 ||     1
  Eat: Chunk             |     1 |     6 ||     7
Armor: Skin              |    33 |    56 ||    89
Dodge: Dodged            |    96 |   142 ||   238
       Rpst.: Falchion   |    31 |    39 ||    70

Table legend:
 A = Non-vault XP
 B = Vault XP
 C = Vault XP percentage of total XP
 D = Non-vault monster count
 E = Vault monster count
 F = Vault count percentage of total count
                 A         B        C        D         E       F
            +---------+---------+-------+---------+---------+-------
      Total |     432 |       0 |   0.0 |      83 |       0 |   0.0
            +---------+---------+-------+---------+---------+-------
        D:1 |      44 |       0 |   0.0 |      28 |       0 |   0.0
        D:2 |      68 |       0 |   0.0 |      19 |       0 |   0.0
        D:3 |     239 |       0 |   0.0 |      34 |       0 |   0.0
        D:4 |      81 |       0 |   0.0 |       2 |       0 |   0.0
            +---------+---------+-------+---------+---------+-------
